 Dungeon Crawl Stone Soup version 0.28-a0-1227-ga9037bb4c8 (webtiles) character file.

Game seed: 5085271453438333865

84 ChaosChampion the Insei (level 4, -2/28 HPs)
             Began as an Octopode Transmuter on Dec 22, 2021.
             Slain by Duvessa (8 damage)
             ... on level 4 of the Dungeon.
             The game lasted 00:01:40 (1975 turns).

ChaosChampion the Insei (Octopode Transmuter)       Turns: 1975, Time: 00:01:41

Health: -2/28      AC:  2    Str:  9    XL:     4   Next: 46%
Magic:  2/7        EV: 19    Int: 17    God:
Gold:   68         SH:  0    Dex: 17    Spells: 1/7 levels left

rFire   . . .      SeeInvis +     - Unarmed
rCold   . . .      Faith    .   (shield currently unavailable)
rNeg    . . .      Spirit   .   (helmet currently unavailable)
rPois   x          Reflect  .   (no amulet)
rElec   .          Harm     .   h - ring of see invisible
rCorr   .          Rampage  .   (no ring)
Will    .....                   (no ring)
Stlth   ++........              (no ring)
HPRegen 0.09/turn               (no ring)
MPRegen 0.10/turn               (no ring)
                                (no ring)
                                (no ring)

@: spider-form (expiring)
A: venomous fangs, almost no armour, (amphibious), 8 rings, tiny, (camouflage
1), (gelatinous body 1), (nimble swimmer 1), (tentacles)
a: End Transformation


You were on level 4 of the Dungeon.
You were a venomous arachnid creature.
You visited 1 branch of the dungeon, and saw 4 of its levels.

You collected 68 gold pieces.

Inventory:

Jewellery
 h - a ring of see invisible (left front leg)
Scrolls
 a - a scroll of fog {unknown}
 c - a scroll of identify {unknown}
 d - a scroll of immolation {unknown}
 e - a scroll of enchant armour {unknown}
 j - a scroll of acquirement {unknown}
 l - a scroll of vulnerability {unknown}
Potions
 b - a potion of ambrosia {unknown}
 f - a potion of cancellation {unknown}
 g - 2 potions of curing {unknown}
 i - a potion of might {unknown}
 k - a potion of haste {unknown}


   Skills:
 - Level 1.0 Fighting
 - Level 2.0 Dodging
 * Level 4.5 Unarmed Combat
 - Level 2.0 Spellcasting
 + Level 3.0 Transmutations


You had one spell level left.
You knew the following spells:

 Your Spells              Type           Power      Damage    Failure   Level
a - Beastly Appendage     Tmut           24%        N/A       16%         1
b - Wereblood             Tmut           12%        N/A       22%         2
c - Spider Form           Tmut/Pois      6%         N/A       52%         3

Your spell library contained the following spells:

 Spells                   Type           Power      Damage    Failure   Level
 Ice Form                 Ice/Tmut       6%         N/A       87%         4


Dungeon Overview and Level Annotations

Branches:
Dungeon (4/15)
 Temple: D:4-7

Altars:
Lugonu

Shops:
D:4 ?*

Portals:
Abyss: D:4

Annotations:
D:2 Jessica
D:4 Dowan, Duvessa


Innate Abilities, Weirdness & Mutations

You are a venomous arachnid creature.
You have poisonous fangs.
You are tiny and dextrous.
Your spellcasting is less reliable in this form.
Your armour is entirely melded.
You are incapable of wielding weapons or throwing items.
You cannot wear most types of armour.
((You are amphibious.))
You can wear up to eight rings at the same time.
((Your skin changes colour to match your surroundings (Stealth+).))
((Your rubbery body absorbs attacks. (AC +1, EV +1)))
((You are camouflaged when in or above water. (Stealth+)))
((You have tentacles for arms and can constrict up to eight enemies at once.))


Message History

Casting: Spider Form (extremely dangerous; 30% risk of failure)
Confirm with . or Enter, or press ? or * to list all spells.
The spell is extremely dangerous to miscast (30% risk of failure)!
Continue anyway?
You turn into a venomous arachnid creature.
Casting: Spider Form (extremely dangerous; 52% risk of failure)
Confirm with . or Enter, or press ? or * to list all spells.
You don't have enough magic to cast this spell.
You climb downwards.
Level annotation: Dowan, Duvessa Your transformation is almost over.
Duvessa says, "When magic and the sword combine, nothing stands against them."
There is a stone staircase leading up here.
Dowan casts a spell at Duvessa.
Duvessa seems to speed up.
Duvessa hits you with a +0 rapier!
You hit Duvessa.
Duvessa is poisoned.
Duvessa is lightly wounded.
Duvessa hits you with a +0 rapier!
Dowan gestures wildly while chanting.
Dowan blinks!
You are too injured to fight recklessly!
You hit Duvessa.
Duvessa looks as sick as possible!
Duvessa is moderately wounded.
Duvessa hits you with a +0 rapier.
* * * LOW HITPOINT WARNING * * *
Duvessa closely misses you.
You hit Duvessa but do no damage.
Duvessa looks as sick as possible!
Duvessa is moderately wounded.
Dowan casts a spell.
Dowan blinks!
Duvessa gestures with her weapon.
Duvessa misses you.
You hit Duvessa but do no damage.
Duvessa looks as sick as possible!
Duvessa is moderately wounded.
Duvessa hits you with a +0 rapier.
* * * LOW HITPOINT WARNING * * *
Your magical contamination has completely faded away.
You barely miss Duvessa.
Duvessa is heavily wounded.
Duvessa hits you with a +0 rapier!
You die...

.....###..#######
...[.....((.....###
....###.....###...# ....#
#...........# #####
#.....###.... .. .#.##
#......#....# #...
.##.###...........##.....
............##<##<...#...
.......#....##..s.####..
#......#..####.e..# .^
.#..#..#........#.# #.#
..........(.....#.# ..#
.........<......#.##.#
#.#.#................#####
..#......................#
..#......#.......##...##.#
.#......##.......##.#....


You could see Duvessa (fast, extremely poisoned).

Vanquished Creatures
  A jelly (D:4)
  2 hound skeletons (D:4)
  4 ball pythons
  5 endoplasms
  2 giant cockroaches (D:1)
  3 goblins
  4 hobgoblins (D:1)
  A kobold (D:1)
  3 bats (D:1)
  2 rats (D:1)
  A lurking horror (D:4)
28 creatures vanquished.

Vanquished Creatures (others)
  A lurking horror (D:4)
1 creature vanquished.

Grand Total: 29 creatures vanquished

Notes
Turn   | Place    | Note
-------+----------+-------------------------------------------
     0 | D:1      | ChaosChampion the Octopode Transmuter began the quest for
                  | the Orb.
     0 | D:1      | Reached XP level 1. HP: 13/13 MP: 3/3
   228 | D:1      | Reached XP level 2. HP: 15/18 MP: 5/5
  1111 | D:1      | Reached XP level 3. HP: 23/23 MP: 6/6
  1274 | D:2      | Noticed Jessica
  1274 | D:2      | You fall into a shaft and drop 2 floors!
  1310 | D:4      | Found a corrupted altar of Lugonu.
  1313 | D:4      | Found a one-way gate to the infinite horrors of the Abyss.
  1526 | D:4      | Found Reacol's Magic Scroll Shop.
  1548 | D:4      | Reached skill level 4 in Unarmed Combat
  1552 | D:4      | Reached XP level 4. HP: 3/28 MP: 7/7
  1927 | D:4      | Found Fubbic's Assorted Antiques.
  1942 | D:4      | Noticed Dowan
  1944 | D:4      | Noticed Duvessa
  1962 | D:3      | Learned a level 2 spell: Wereblood
  1966 | D:3      | Learned a level 3 spell: Spider Form
  1975 | D:4      | Slain by Duvessa

Illustrated notes

Levels and vault maps discovered:
D:1:      lightli_arrival_boilingwater, layout_rooms, serial_rivers,
          chequers_serial_rivers_large_b, chequers_serial_rivers_micro_c,
          chequers_serial_rivers_micro_d, chequers_serial_rivers_large_a,
          minivault_25
D:2:      layout_rooms, serial_shops, nicolae_shop_hallway_plus, uniq_sigmund,
          uniq_jessica, uniq_terence
D:3:      layout_basic, amethyst_overflow_temple_binary, serial_shops, shop,
          uniq_robin, uniq_ijyb
D:4:      layout_rooms, serial_shops, nicolae_diamond_shop,
          nicolae_shop_statue_plus, nicolae_shop_trees, nicolae_shop_trees,
          amcnicky_altar_lugonu_corruption, uniq_duvessa

Skill      XL: |  1  2  3  4 |
---------------+-------------+-----
Unarmed Combat | 4 |  4.5
Transmutations | 3 |  3.0
Fighting       | |  1.0
Dodging        | |  2.0
Spellcasting   | |  2.0

Action                   |  1- 3 |  4- 6 || total
-------------------------+-------+-------++-------
Melee: Unarmed           |    56 |    13 ||    69
       Constrict         |    14 |     1 ||    15
       Tentacles         |     8 |     2 ||    10
       Kick              |     6 |       ||     6
 Cast: Beastly Appendage |     9 |       ||     9
       Spider Form       |       |     1 ||     1
 Stab: Distracted        |     1 |     1 ||     2
       Sleeping          |     1 |       ||     1
Armor: Skin              |     5 |     1 ||     6
Dodge: Dodged            |    39 |     5 ||    44

Table legend: (Time is in decaauts)
 A = Elapsed time spent in this place.
 B = Non-inter-level travel time spent in this place.
 C = Inter-level travel time spent in this place.
 D = Time resting spent in this place.
 E = Time spent auto-exploring this place.
 F = Levels seen in this place.
 G = Mean time per level.
                   A        B        C        D        E       F      G
               +--------+--------+--------+--------+--------+-----+--------+
         Total |   1969 |   1969 |      0 |    735 |    997 |   4 |  492.2 |
       Dungeon |   1969 |   1969 |      0 |    735 |    997 |   4 |  492.2 |
               +--------+--------+--------+--------+--------+-----+--------+

Top non-repeatable levels by time:
     D:1: 1270 daAuts
     D:4: 688 daAuts
     D:3: 10 daAuts
